 Dungeon Crawl Stone Soup version 0.30-a0-390-g80c34de65d (webtiles) character file.

Game seed: 9310895991442835247

99237 innerfire433 the Bludgeoner (level 15, -9/127 HPs)
             Began as a Demonspawn Monk on Dec 1, 2022.
             Was the Champion of Jiyva.
             Mangled by a ghost moth (24 damage)
             ... on level 4 of the Spider Nest on Dec 5, 2022.
             The game lasted 00:52:20 (15556 turns).

innerfire433 the Bludgeoner (Demonspawn Monk)      Turns: 15556, Time: 00:52:20

Health: -9/127     AC: 20    Str: 15      XL:     15   Next: 40%
Magic:  0/15       EV: 25    Int: 16 (17) God:    Jiyva [******]
Gold:   984        SH:  9    Dex: 22      Spells: 14/14 levels left

rFire   x . .      SeeInvis .    D - +5 broad axe of Fortitude {chaos, Fly rElec Int+7 Dex-3}
rCold   + . .      Faith    .    (no shield)
rNeg    . . .      Spirit   .    A - +2 troll leather armour
rPois   .          Reflect  +    (helmet unavailable)
rElec   +          Harm     .    r - +2 cloak
rCorr   +          Rampage  .    (no gloves)
Will    ++++.                    (no boots)
Stlth   ++........               J - amulet of reflection
HPRegen 2.81/turn                g - ring of ice
MPRegen 0.64/turn                V - +4 ring of protection

@: flying
A: horns 3, repulsion field 1, demonic guardian 3, icemail 2, condensation
shield, hooves 1, agile 2, strong-willed 3, gelatinous body 1, pseudopods 3,
jelly sensing items
}: 1/15 runes: slimy
a: Renounce Religion, Oozemancy, Slimify


You were on level 4 of the Spider Nest.
You worshipped Jiyva.
Jiyva was exalted by your worship.
You visited 4 branches of the dungeon, and saw 24 of its levels.

You collected 984 gold pieces.

Inventory:

Hand Weapons
 a - a +0 hand axe
 h - a +2 great mace of protection
 q - the +2 arbalest of Suf Dism {vorpal, Str+2}
   (You found it on level 5 of the Pits of Slime)

   Any ammunition fired from it inflicts extra damage upon your enemies.
   Str:       It affects your strength (+2).
 D - the +5 broad axe of Fortitude (weapon) {chaos, Fly rElec Int+7 Dex-3}
   (You subdued it on level 4 of the Lair of Beasts)

   Each time it hits an enemy it has a different, random effect.
   Int:       It affects your intelligence (+7).
   Dex:       It affects your dexterity (-3).
   rElec:     It insulates you from electricity.
   Fly:       It grants you flight.
 R - the +4 halberd of Goodeotrad {vorpal, rN++ MP-9 Stlth+}
   (You found it on level 5 of the Pits of Slime)

   It inflicts extra damage upon your enemies.
   rN:        It greatly protects you from negative energy.
   MP:        It affects your magic capacity (-9).
   Stlth:     It makes you more stealthy.
 Y - the +7 spear "Vanlabbu" {vorpal, rF+ Str+4 SInv}
   (You found it on level 1 of the Spider Nest)

   It inflicts extra damage upon your enemies.
   Str:       It affects your strength (+4).
   rF:        It protects you from fire.
   SInv:      It lets you see invisible.
Missiles
 N - a throwing net (quivered)
Armour
 b - a +0 robe
 i - a +3 plate armour of cold resistance
 j - a +0 pair of boots
 o - a +0 scale mail
 r - a +2 cloak (worn)
 u - a +1 robe of willpower
 v - a +0 cloak
 A - a +2 troll leather armour (worn)
 Q - the +3 scale mail of Grot {rElec Stlth+}
   (You found it on level 5 of the Pits of Slime)

   rElec:     It insulates you from electricity.
   Stlth:     It makes you more stealthy.
 S - the +8 scale mail "Daijuta" {rF++ rCorr}
   (You found it on level 5 of the Pits of Slime)

   rF:        It greatly protects you from fire.
   rCorr:     It protects you from acid and corrosion.
 T - the +5 chain mail of the Furies {Will+}
   (You found it on level 5 of the Pits of Slime)

   Will:      It increases your willpower.
 U - the +1 plate armour of Julaamont {rPois Str+6 Dex+2}
   (You found it on level 5 of the Pits of Slime)

   Str:       It affects your strength (+6).
   Dex:       It affects your dexterity (+2).
   rPois:     It protects you from poison.
 X - the +2 robe of the Evil One {rElec rCorr Int-4 Archmagi}
   (You found it on level 1 of the Spider Nest)

   Int:       It affects your intelligence (-4).
   rElec:     It insulates you from electricity.
   rCorr:     It protects you from acid and corrosion.
   Archmagi:  It increases the power of your magical spells.
Jewellery
 f - an amulet of magic regeneration
 g - a ring of ice (left hand)
 y - a ring of flight
 B - a ring of positive energy
 H - a ring of ice
 J - an amulet of reflection (around neck)
 O - an amulet of the acrobat
 V - a +4 ring of protection (right hand)
Wands
 w - a wand of polymorph (5)
 x - a wand of paralysis (15)
 z - a wand of acid (6)
 E - a wand of roots (2)
 F - a wand of mindburst (9)
 M - a wand of flame (14)
Scrolls
 d - a scroll of noise {unknown}
 e - 2 scrolls of fog
 k - 4 scrolls of teleportation
 l - 2 scrolls of poison
 m - 6 scrolls of identify
 s - a scroll of fear
 G - 3 scrolls of amnesia
 W - a scroll of immolation {unknown}
 Z - a scroll of blinking {unknown}
Potions
 c - 3 potions of ambrosia
 n - a potion of flight
 p - 9 potions of mutation
 t - 2 potions of curing
 I - a potion of might {unknown}
 K - 2 potions of brilliance {unknown}
 L - a potion of magic {unknown}
 P - a potion of attraction {unknown}
Miscellaneous
 C - a tin of tremorstones (2/2)


   Skills:
 + Level 14.4 Fighting
 * Level 8.5(13.4) Axes
 - Level 16.3(17.0) Maces & Flails
 + Level 13.3 Dodging
 - Level 1.8 Stealth


You had 14 spell levels left.
You didn't know any spells.
Your spell library contained the following spells:

 Spells                   Type           Power      Damage    Failure   Level
 Foxfire                  Conj/Fire      0%         2x1d4     30%         1
 Slow                     Hex            0%         N/A       30%         1
 Confusing Touch          Hex            0%         N/A       67%         3
 Tukima's Dance           Hex            0%         N/A       67%         3
 Vampiric Draining        Necr           0%         2d6       67%         3
 Vhi's Electric Charge    Tloc/Air       0%         N/A       67%         3
 Animate Armour           Summ/Erth      0%         N/A       97%         4
 Passage of Golubria      Tloc           0%         N/A       97%         4
 Arcjolt                  Conj/Air       0%         1d10      100%        5
 Blade Hands              Tmut           0%         N/A       100%        5
 Fireball                 Conj/Fire      0%         3d3       100%        5
 Yara's Violent Unravell  Hex/Tmut       0%         3d3       100%        5
 Iron Shot                Conj/Erth      0%         9d1       100%        6
 Starburst                Conj/Fire      0%         6d3       100%        6
 Maxwell's Capacitive Co  Air            0%         ∞         100%        8


Dungeon Overview and Level Annotations

Branches:
Dungeon (10/15)            Temple (0/1) D:6            Lair (5/5) D:10
  Swamp (0/4) Lair:3       Spider (4/4) Lair:2        Slime (5/5) Lair:4
    Orc: D:9-12

Altars:
Ashenzari
Gozag
Nemelex Xobeh
Okawaru
Uskayaw
Vehumet
Xom
Jiyva
Lugonu

Shops:
D:3 ?

Portals:
Abyss: Lair:5

Annotations:
Slime:5 Royal Jelly


Innate Abilities, Weirdness & Mutations

You have a pair of large horns on your head.
You are surrounded by a mild repulsion field. (EV +2)
A powerful demonic guardian rushes to your aid.
A meltable icy envelope protects you from harm. (AC +8)
A meltable shield of frost defends you. (SH +4)
You have large cloven feet.
You are very agile. (Dex +8, Str/Int -2)
You are extremely strong-willed. (Will+++)
Your rubbery body absorbs attacks. (AC +1, EV +1)
Armour fits poorly on your massive pseudopods.
You have a small jelly attached to you that senses nearby items.


Message History

You block something's attack. Something hits you! You block something's attack.
The culicivora closely misses you.
You swap places.
The culicivora misses you. You block the jumping spider's attack.
The jumping spider completely misses you.
Something closely misses you. Something hits you! Something stings you!
Your rockslime hits the culicivora!!!
The culicivora stumbles backwards!
The culicivora dies!
You feel you are being watched by something.
You feel your power leaking away. Something hits you!
* * * LOW HITPOINT WARNING * * *
Something hits you but does no damage. Something barely misses you.
The jumping spider completely misses you.
You block the jumping spider's attack.
A tarantella comes into view.
You see here a culicivora corpse.
The tarantella's many legs skitter faintly.
You slice something!! You freeze something. You kick something.
You headbutt something. Your bludgeon misses something.
You hit the jumping spider.
The jumping spider resists with some effort.
Something hits you but does no damage. Something hits you!
* * * LOW HITPOINT WARNING * * *
A demonic guardian appears!
Something misses you. You block the jumping spider's attack.
The jumping spider completely misses you.
Your rockslime barely misses something.
You feel you are being watched by something.
You feel your power leaking away. Something hits you!!
* * * LOW HITPOINT WARNING * * *
Something misses you. Something stings you.
* * * LOW HITPOINT WARNING * * *
You feel dopey.
You feel better.
The jumping spider pounces on you but does no damage.
The jumping spider bites you but does no damage.
Something hits you!!
You die...

##.# ##..^ #....##
#...... #......####
.......#..#
..s...s{2.###
...^^.Z@J.†.###
...##^.††.....###
°......†##†#...#
....#.#..#......###
..#
####^#........## .
#.......<......#
....#.........##
.......^.....^#
.......^#.##.##


You could see a jumping spider (drained), a tarantella, an orb spider
simulacrum, a friendly balrug (summoned) and a friendly rockslime (summoned).

Vanquished Creatures
  2 emperor scorpions (Spider:2)
  Nessos (Lair:5)
  A spark wasp (Spider:3)
  2 entropy weavers (Spider:1)
  2 jorogumos (Spider:2)
  4 catoblepae
  A radroach (Spider:1)
  2 boulder beetles
  2 hydras (Lair:4)
  8 death yaks
  2 thrashing horrors (Lair:5)
  4 pharaoh ants
  9 steelbarb worms
  A large abomination (Lair:5)
  4 orb spiders
  A bog body (Lair:3)
  Pikel (D:6)
  A manticore (D:9)
  4 wolf spiders
  4 moths of wrath
  10 elephants
  7 black mambas
  2 smoke demons (Lair:5)
  13 cane toads
  A torpor snail (Spider:4)
  9 demonic crawlers
  9 komodo dragons
  A rime drake (Lair:2)
  3 ancient zymes (Lair:5)
  A troll (D:9)
  2 hornets
  A tarantella (shapeshifter) (Spider:4)
  7 tarantellas
  7 dream sheep (Lair:5)
  24 blink frogs
  6 culicivoras
  3 ynoxinuls (Lair:5)
  A spriggan (Lair:5)
  38 yaks
  17 jumping spiders
  3 wyverns
  3 vampire mosquitoes (D:10)
  21 redbacks
  6 basilisks
  A chaos spawn (Lair:5)
  An acid dragon (D:10)
  15 water moccasins
  6 black bears
  4 orc warriors
  3 ogres
  A centaur (D:9)
  10 wolves
  2 kobold brigands
  A phantom (D:7)
  Blork the orc (D:5)
  2 necrophages
  8 bullfrogs
  A gnoll sergeant (D:10)
  8 small abominations (Lair:5)
  3 scorpions
  2 wights (D:10)
  5 killer bees (D:9)
  A howler monkey (D:10)
  3 electric eels (Lair:1)
  6 orc priests
  4 hounds
  5 iguanas
  4 orc wizards
  Natasha (D:2)
  10 adders
  13 gnolls
  A shadow imp (D:7)
  2 white imps
  2 dart slugs
  29 orcs
  7 ball pythons
  2 giant cockroaches
  5 goblins
  8 hobgoblins
  5 quokkas
  4 bats
  A frilled lizard (D:2)
  17 kobolds
  4 rats
459 creatures vanquished.

Vanquished Creatures (collateral kills)
  The ghost of Pioth the Protected, a journeyman MiFi of the Shining One (Lair:4)
  A spark wasp (Spider:1)
  An entropy weaver (Spider:2)
  A dancing weapon (Lair:4)
  2 death yaks
  A thrashing horror (Lair:5)
  A pharaoh ant (Spider:4)
  3 orb spiders
  A lindwurm (Lair:4)
  2 elephants (Lair:4)
  A cane toad (Lair:1)
  A demonic crawler (Spider:4)
  A tarantella (shapeshifter) (Spider:4)
  4 blink frogs
  A hornet (D:6)
  3 tarantellas (Spider:1)
  A jumping spider (Spider:1)
  A spriggan (Lair:5)
  3 yaks (D:9)
  A wyvern (D:9)
  A large abomination (Lair:5)
  2 culicivoras
  5 redbacks
  2 water moccasins
  An ice beast (D:6)
  2 wolves
  A necrophage (D:5)
  A small abomination (Lair:5)
  A hound (D:6)
  An iguana (D:5)
  An orc (D:6)
49 creatures vanquished.

Vanquished Creatures (others)
  An acid blob (Spider:1)
  2 entropy weavers (Spider:1)
  An oklob plant (Spider:1)
  A salamander (shapeshifter) (Lair:5)
  An elephant (Lair:5)
  A rime drake (Lair:1)
  A blink frog (Lair:5)
  A culicivora (Spider:4)
  7 acid dragons (Spider:1)
  3 water moccasins
  An ice beast (D:6)
  2 wights (D:10)
  66 jellies
  An orc wizard (D:6)
  2 gnolls
  2 worms (D:3)
  3 ball pythons
  A bat (D:2)
  An endoplasm (D:3)
  A kobold (D:2)
  2 quokkas (D:3)
  7 goblins
  2 rats (D:3)
  71 fungi
  92 plants
273 creatures vanquished.

Grand Total: 781 creatures vanquished

Notes
Turn   | Place    | Note
-------+----------+-------------------------------------------
     0 | D:1      | innerfire433 the Demonspawn Monk began the quest for the
                  | Orb.
     0 | D:1      | Reached XP level 1. HP: 18/18 MP: 1/1
   161 | D:1      | Gained mutation: You are surrounded by a mild repulsion
                  | field. (EV +2) [demonic ancestry]
   161 | D:1      | Reached XP level 2. HP: 22/24 MP: 2/2
   289 | D:1      | Found a faded altar of an unknown god.
   315 | D:1      | Prayed at the altar of an unknown god.
   315 | D:1      | Became a worshipper of Jiyva Janos the Shapeless
   315 | D:1      | Reached * piety under Jiyva
   315 | D:1      | Reached ** piety under Jiyva
   585 | D:2      | Reached *** piety under Jiyva
   622 | D:2      | Reached skill level 1 in Maces & Flails
   669 | D:2      | Reached XP level 3. HP: 26/29 MP: 3/3
   918 | D:2      | Noticed Natasha
   921 | D:2      | Killed Natasha
   922 | D:2      | Gained mutation: A weak demonic guardian rushes to your
                  | aid. [demonic ancestry]
   922 | D:2      | Reached XP level 4. HP: 36/36 MP: 4/4
  1096 | D:3      | Found a hide-covered altar of Uskayaw.
  1096 | D:3      | Found a broken altar of Ashenzari.
  1098 | D:3      | Found a shimmering altar of Xom.
  1112 | D:3      | Reached skill level 2 in Maces & Flails
  1123 | D:3      | Gained mutation: You have a pair of small horns on your
                  | head. [Jiyva's grace]
  1123 | D:3      | Gained mutation: You have a pair of horns on your head.
                  | [Jiyva's grace]
  1123 | D:3      | Gained mutation: You have a pair of large horns on your
                  | head. [Jiyva's grace]
  1123 | D:3      | Gained mutation: You have a small jelly attached to you
                  | that may absorb projectiles. [Jiyva's grace]
  1227 | D:3      | Gained mutation: A meltable shield of frost defends you.
                  | (SH +4) [demonic ancestry]
  1227 | D:3      | Reached XP level 5. HP: 39/42 MP: 5/5
  1281 | D:3      | Reached **** piety under Jiyva
  1366 | D:3      | Noticed an ogre
  1390 | D:3      | Killed an ogre
  1391 | D:3      | Reached skill level 3 in Maces & Flails
  1496 | D:3      | Found Woitoep's Magic Scroll Shop.
  1575 | D:4      | Found a sparkling altar of Nemelex Xobeh.
  1603 | D:4      | Mutation became permanent: You have a pair of horns on your
                  | head. [demonic ancestry]
  1603 | D:4      | Gained mutation: You have a pair of large horns on your
                  | head. [demonic ancestry]
  1603 | D:4      | Reached XP level 6. HP: 48/48 MP: 6/6
  1824 | D:4      | Reached skill level 4 in Maces & Flails
  1959 | D:4      | Gained mutation: A demonic guardian rushes to your aid.
                  | [demonic ancestry]
  1959 | D:4      | Reached XP level 7. HP: 55/55 MP: 7/7
  2373 | D:5      | Entered Level 5 of the Dungeon
  2373 | D:5      | Noticed Blork the orc
  2383 | D:5      | Killed Blork the orc
  2384 | D:5      | Reached skill level 5 in Fighting
  2410 | D:5      | Reached ***** piety under Jiyva
  2433 | D:5      | Reached skill level 5 in Maces & Flails
  2487 | D:5      | Found an iron altar of Okawaru.
  2671 | D:5      | Reached skill level 5 in Dodging
  2689 | D:5      | Gained mutation: A powerful demonic guardian rushes to your
                  | aid. [demonic ancestry]
  2689 | D:5      | Reached XP level 8. HP: 62/63 MP: 8/8
  2842 | D:6      | Noticed Pikel
  2854 | D:6      | Killed Pikel
  2855 | D:6      | Reached skill level 6 in Maces & Flails
  2913 | D:6      | Lost mutation: You have a pair of large horns on your head.
                  | [Jiyva's grace]
  2913 | D:6      | Lost mutation: You have a small jelly attached to you that
                  | may absorb projectiles. [Jiyva's grace]
  2913 | D:6      | Gained mutation: You have a small jelly attached to you
                  | that senses nearby items. [Jiyva's grace]
  2913 | D:6      | Gained mutation: You have large cloven feet. [Jiyva's
                  | grace]
  2913 | D:6      | Gained mutation: You have hoof-like feet. [Jiyva's grace]
  2913 | D:6      | Gained mutation: You have hooves in place of feet. [Jiyva's
                  | grace]
  2933 | D:6      | Reached skill level 7 in Maces & Flails
  3064 | D:6      | Reached XP level 9. HP: 71/71 MP: 9/9
  3227 | D:6      | Found a staircase to the Ecumenical Temple.
  3294 | D:6      | Paralysed by a hornet for 2 turns
  3452 | D:7      | Reached skill level 8 in Maces & Flails
  3650 | D:7      | Found an opulent altar of Gozag.
  4282 | D:8      | Reached ****** piety under Jiyva
  4702 | D:9      | Found a radiant altar of Vehumet.
  4709 | D:9      | Lost mutation: You have hooves in place of feet. [Jiyva's
                  | grace]
  4709 | D:9      | Gained mutation: Your translucent skin slightly reduces
                  | your foes' accuracy. (Stealth+) [Jiyva's grace]
  4709 | D:9      | Gained mutation: Your translucent skin reduces your foes'
                  | accuracy. (Stealth+) [Jiyva's grace]
  4709 | D:9      | Gained mutation: Your transparent skin significantly
                  | reduces your foes' accuracy. (Stealth+) [Jiyva's grace]
  4709 | D:9      | Gained mutation: Your muscles are strong. (Str +4, Int/Dex
                  | -1) [Jiyva's grace]
  4771 | D:9      | Reached skill level 9 in Maces & Flails
  4780 | D:9      | Noticed a manticore
  4789 | D:9      | Killed a manticore
  4790 | D:9      | Mutation became permanent: You have a pair of small horns
                  | on your head. [demonic ancestry]
  4790 | D:9      | Gained mutation: You have a pair of horns on your head.
                  | [demonic ancestry]
  4790 | D:9      | Reached XP level 10. HP: 73/80 MP: 10/10
  5369 | D:10     | Entered Level 10 of the Dungeon
  5444 | D:10     | Found a staircase to the Lair.
  5467 | D:10     | Reached skill level 10 in Maces & Flails
  5789 | D:10     | Gained mutation: A meltable icy envelope protects you from
                  | harm. (AC +8) [demonic ancestry]
  5789 | D:10     | Reached XP level 11. HP: 65/89 MP: 11/11
  5796 | D:10     | Reached skill level 11 in Maces & Flails
  5829 | D:10     | Found a flagged portal.
  6097 | Lair:1   | Entered Level 1 of the Lair of Beasts
  6299 | Lair:1   | Lost mutation: You have hoof-like feet. [Jiyva's grace]
  6299 | Lair:1   | Lost mutation: Your transparent skin significantly reduces
                  | your foes' accuracy. (Stealth+) [Jiyva's grace]
  6299 | Lair:1   | Gained mutation: Armour fits poorly on your pseudopods.
                  | [Jiyva's grace]
  6299 | Lair:1   | Gained mutation: Armour fits poorly on your large
                  | pseudopods. [Jiyva's grace]
  6299 | Lair:1   | Gained mutation: Armour fits poorly on your massive
                  | pseudopods. [Jiyva's grace]
  6299 | Lair:1   | Gained mutation: You have a pair of large horns on your
                  | head. [Jiyva's grace]
  7028 | Lair:2   | Reached skill level 12 in Maces & Flails
  7070 | Lair:2   | Reached skill level 10 in Fighting
  7230 | Lair:2   | Gained mutation: A meltable icy envelope protects you from
                  | harm. (AC +8) [demonic ancestry]
  7230 | Lair:2   | Reached XP level 12. HP: 95/98 MP: 12/12
  7249 | Lair:2   | Found a hole to the Spider Nest.
  7559 | Lair:2   | Noticed a catoblepas
  7569 | Lair:2   | Killed a catoblepas
  7718 | Lair:3   | Found a staircase to the Swamp.
  7726 | Lair:3   | Reached skill level 13 in Maces & Flails
  7913 | Lair:3   | Lost mutation: Your translucent skin reduces your foes'
                  | accuracy. (Stealth+) [Jiyva's grace]
  7913 | Lair:3   | Gained mutation: Your rubbery body absorbs attacks. (AC +1,
                  | EV +1) [Jiyva's grace]
  7913 | Lair:3   | Gained mutation: Your pliable body absorbs attacks. (AC +2,
                  | EV +2) [Jiyva's grace]
  7913 | Lair:3   | Gained mutation: Your gelatinous body deflects attacks. (AC
                  | +3, EV +3) [Jiyva's grace]
  7913 | Lair:3   | Gained mutation: Your melee attacks may engulf your foes in
                  | ooze. [Jiyva's grace]
  8028 | Lair:3   | Reached skill level 10 in Dodging
  8164 | Lair:3   | Noticed a catoblepas
  8172 | Lair:3   | Killed a catoblepas
  8184 | Lair:3   | Noticed a death yak
  8184 | Lair:3   | Noticed a death yak
  8186 | Lair:3   | Noticed a death yak
  8186 | Lair:3   | Noticed a death yak
  8186 | Lair:3   | Noticed a death yak
  8186 | Lair:3   | Noticed a death yak
  8191 | Lair:3   | Killed a death yak
  8197 | Lair:3   | Killed a death yak
  8203 | Lair:3   | Killed a death yak
  8208 | Lair:3   | Killed a death yak
  8219 | Lair:3   | Killed a death yak
  8221 | Lair:3   | Killed a death yak
  8259 | Lair:3   | Noticed a boulder beetle
  8269 | Lair:3   | Killed a boulder beetle
  8583 | Lair:4   | Reached skill level 14 in Maces & Flails
  8685 | Lair:4   | Noticed a five-headed hydra
  8693 | Lair:4   | Killed a five-headed hydra
  8694 | Lair:4   | Mutation became permanent: You have a pair of horns on your
                  | head. [demonic ancestry]
  8694 | Lair:4   | Gained mutation: You have a pair of large horns on your
                  | head. [demonic ancestry]
  8694 | Lair:4   | Reached XP level 13. HP: 105/107 MP: 13/13
  8913 | Lair:4   | You are sucked into a shaft and drop 1 floor!
  8913 | Lair:5   | Entered Level 5 of the Lair of Beasts
  8913 | Lair:5   | Found a corrupted altar of Lugonu.
  8913 | Lair:5   | Found a one-way gate to the infinite horrors of the Abyss.
  9035 | Lair:5   | Reached skill level 15 in Maces & Flails
  9523 | Lair:5   | Noticed Nessos
  9542 | Lair:5   | Killed Nessos
  9557 | Lair:5   | Reached XP level 14. HP: 116/116 MP: 14/14
  9806 | Lair:5   | Reached skill level 16 in Maces & Flails
  9903 | Lair:5   | Lost mutation: Your muscles are strong. (Str +4, Int/Dex
                  | -1) [Jiyva's grace]
  9903 | Lair:5   | Lost mutation: Your gelatinous body deflects attacks. (AC
                  | +3, EV +3) [Jiyva's grace]
  9903 | Lair:5   | Lost mutation: Armour fits poorly on your massive
                  | pseudopods. [Jiyva's grace]
  9903 | Lair:5   | Lost mutation: Armour fits poorly on your large pseudopods.
                  | [Jiyva's grace]
  9903 | Lair:5   | Lost mutation: Your translucent skin slightly reduces your
                  | foes' accuracy. (Stealth+) [Jiyva's grace]
  9903 | Lair:5   | Gained mutation: You are agile. (Dex +4, Str/Int -1)
                  | [Jiyva's grace]
  9903 | Lair:5   | Gained mutation: You are very agile. (Dex +8, Str/Int -2)
                  | [Jiyva's grace]
  9903 | Lair:5   | Gained mutation: You are strong-willed. (Will+) [Jiyva's
                  | grace]
  9903 | Lair:5   | Gained mutation: You are highly strong-willed. (Will++)
                  | [Jiyva's grace]
 10399 | Lair:4   | Found a runed translucent door.
 10400 | Lair:4   | Found a shimmering altar of Xom.
 10400 | Lair:4   | Noticed Pioth's ghost (journeyman MiFi)
 10401 | Lair:4   | Identified the +5 broad axe of Fortitude {chaos, Fly rElec
                  | Int+7 Dex-3}
 10725 | Lair:4   | Found a viscous altar of Jiyva.
 10726 | Lair:4   | Found a staircase to the Slime Pits.
 10772 | Lair:4   | Upgraded the game from 0.30-a0-381-g6ea064c7b4 to
                  | 0.30-a0-390-g80c34de65d
 11034 | Lair:4   | Killed Pioth's ghost
 11339 | Slime:1  | Entered Level 1 of the Pits of Slime
 11339 | Slime:1  | Noticed an acid blob
 11346 | Slime:1  | Noticed a quicksilver ooze
 11376 | Slime:1  | Noticed an acid blob
 11378 | Slime:1  | Noticed a quicksilver ooze
 11525 | Slime:3  | Noticed a quicksilver ooze
 11575 | Slime:3  | Noticed an acid blob
 11658 | Slime:3  | Noticed an acid blob
 11717 | Slime:3  | Noticed an acid blob
 11824 | Slime:4  | Noticed an azure jelly
 11826 | Slime:4  | Noticed a rockslime
 11969 | Slime:5  | Entered Level 5 of the Pits of Slime
 11972 | Slime:5  | Noticed an acid blob
 12058 | Slime:5  | Noticed an acid blob
 12067 | Slime:5  | Noticed an acid blob
 12097 | Slime:5  | Noticed an acid blob
 12101 | Slime:5  | Noticed an acid blob
 12117 | Slime:5  | Noticed a rockslime
 12136 | Slime:5  | Noticed a rockslime
 12141 | Slime:5  | Noticed a rockslime
 12142 | Slime:5  | Noticed an acid blob
 12144 | Slime:5  | Noticed a quicksilver ooze
 12164 | Slime:5  | Found a viscous altar of Jiyva.
 12164 | Slime:5  | Noticed the Royal Jelly
 12168 | Slime:5  | Identified the +2 arbalest of Suf Dism {vorpal, Str+2}
 12171 | Slime:5  | Got a slimy rune of Zot
 12182 | Slime:5  | Identified the +3 scale mail of Grot {rElec Stlth+}
 12185 | Slime:5  | Identified the +4 halberd of Goodeotrad {vorpal, rN++ MP-9
                  | Stlth+}
 12187 | Slime:5  | Noticed an acid blob
 12193 | Slime:5  | Identified the +8 scale mail "Daijuta" {rF++ rCorr}
 12197 | Slime:5  | Identified the +5 chain mail of the Furies {Will+}
 12207 | Slime:5  | Identified the +1 plate armour of Julaamont {rPois Str+6
                  | Dex+2}
 12238 | Slime:5  | Noticed an acid blob
 12371 | Slime:2  | Noticed an acid blob
 12384 | Slime:1  | Noticed a quicksilver ooze
 12384 | Slime:1  | Noticed a quicksilver ooze
 12589 | Slime:2  | Noticed an acid blob
 12749 | Slime:2  | Noticed a quicksilver ooze
 12749 | Slime:2  | Noticed an acid blob
 12892 | Slime:2  | You are sucked into a shaft and drop 1 floor!
 13182 | Spider:1 | Entered Level 1 of the Spider Nest
 13398 | Spider:1 | Killed an acid blob
 13591 | Spider:1 | Identified the +2 robe of the Evil One {rElec rCorr Int-4
                  | Archmagi}
 13596 | Spider:1 | Identified the +7 spear "Vanlabbu" {vorpal, rF+ Str+4 SInv}
 13722 | Spider:1 | Reached skill level 5 in Axes
 14335 | Spider:2 | Noticed an emperor scorpion
 14369 | Spider:2 | Killed an emperor scorpion
 14514 | Spider:2 | Lost mutation: You are highly strong-willed. (Will++)
                  | [Jiyva's grace]
 14514 | Spider:2 | Lost mutation: Your pliable body absorbs attacks. (AC +2,
                  | EV +2) [Jiyva's grace]
 14514 | Spider:2 | Lost mutation: Your melee attacks may engulf your foes in
                  | ooze. [Jiyva's grace]
 14514 | Spider:2 | Gained mutation: Armour fits poorly on your large
                  | pseudopods. [Jiyva's grace]
 14514 | Spider:2 | Gained mutation: Armour fits poorly on your massive
                  | pseudopods. [Jiyva's grace]
 14514 | Spider:2 | Gained mutation: You are highly strong-willed. (Will++)
                  | [Jiyva's grace]
 14514 | Spider:2 | Gained mutation: You are extremely strong-willed. (Will+++)
                  | [Jiyva's grace]
 14563 | Spider:2 | Noticed an emperor scorpion
 14565 | Spider:2 | Reached XP level 15. HP: 106/122 MP: 15/15
 14579 | Spider:2 | Killed an emperor scorpion
 15503 | Spider:4 | Entered Level 4 of the Spider Nest
 15555 | Spider:4 | HP: 3/127 [something (20)]
 15555 | Spider:4 | HP: 1/127 [something (2)]
 15556 | Spider:4 | Mangled by a ghost moth

Illustrated notes

Levels and vault maps discovered:
D:1:      mushboom_english_gardens, layout_rooms,
          dreamdust_ecumenical_altar_grove, due_unseen_surprise
D:2:      layout_basic, minmay_misc_feat_x, minmay_split_cup_large, uniq_natasha
D:3:      layout_rooms, nicolae_overflow_hidden_temple, serial_shops,
          nicolae_shop_behind_doors, minmay_ogre_servants
D:4:      layout_cave_pods, nemelex_diamond_rough_becter
D:5:      layout_rooms, mainiacjoe_overflow_surrounded_room, uniq_blork_the_orc
D:6:      layout_rooms, temple_green, kennysheep_small_square, uniq_pikel
D:7:      layout_basic, lemuel_coloured_pillars_altar, kennysheep_generic_room_3
D:8:      layout_basic
D:9:      layout_gridville, mainiacjoe_overflow_chevrons
D:10:     layout_roguey, david_lair_shrubbed, enter_bailey_6,
          grunt_ministairs_13, small_statue_alley_a
Lair:1:   layout_cave_pods, serial_bayou_shore_b, serial_bayou_shore_b,
          infiniplex_staircase_pool, serial_bayou_shore_a
Lair:2:   layout_roguey, spider_nest_entry_webs, grunt_megastairs_1,
          infiniplex_staircase_pool_2
Lair:3:   layout_regular_city, skrybe_swamp_entry_bodies, lemuel_fruit_tree
Lair:4:   cheibrodos_lair_overgrown_chateau, layout_regular_city,
          minmay_slime_entry_pillars, ebering_ghost_xom
Lair:5:   hellmonk_lair_end_abyssal_woods, layout_concentric_octagons,
          uniq_nessos
Spider:1: layout_spider_delve, nicolae_spider_acid_house
Spider:2: nicolae_spider_hilbert_zone_5 [nicolae_spider_hilbert_3_sides_1_open,
          nicolae_spider_hilbert_4_sides_1_open,
          nicolae_spider_hilbert_4_sides_1_open,
          nicolae_spider_hilbert_6_sides_1_open,
          nicolae_spider_hilbert_6_sides_1_open], nicolae_spider_eight_legs
Spider:3: layout_spider_delve
Spider:4: grunt_spider_rune_island, uniq_arachne
Slime:1:  layout_caves
Slime:2:  layout_caves
Slime:3:  layout_caves
Slime:4:  layout_caves
Slime:5

Skill      XL: |  1  2  3  4  5  6  7  8  9 10 11 12 13 14 15 |
---------------+----------------------------------------------+-----
Dodging        | 3 4 5 6 7 8 9 10 11 12 13 | 13.3
Maces & Flails | 1 2 3 4 5 7 9 10 12 14 15 16 | 16.3
Fighting       | 4 5 6 7 9 10 11 12 13 14 | 14.4
Axes           | 6 8 |  8.5
Stealth        | |  1.8

Action                   |  1- 3 |  4- 6 |  7- 9 | 10-12 | 13-15 || total
-------------------------+-------+-------+-------+-------+-------++-------
Melee: Hand axe          |    25 |       |       |       |       ||    25
       Great mace        |    63 |   121 |   187 |   423 |   415 ||  1209
       Headbutt          |       |    20 |    36 |    99 |   227 ||   382
       Kick              |       |       |    25 |   148 |   345 ||   518
       Pseudopods        |       |       |       |    51 |   229 ||   280
       Broad axe         |       |       |       |       |   422 ||   422
       Punch             |       |       |       |       |    10 ||    10
Evoke: Tin of tremorston |       |       |       |     1 |     2 ||     3
  Use: Scroll            |     8 |       |     5 |     2 |     4 ||    19
       Potion            |       |       |       |     1 |    15 ||    16
 Stab: Sleeping          |     6 |     1 |     2 |    11 |     4 ||    24
       Invisible         |       |       |       |       |     4 ||     4
       Distracted        |       |       |       |       |     5 ||     5
       Paralysed         |       |       |       |       |     1 ||     1
       Petrified         |       |       |       |       |     7 ||     7
       Confused          |       |       |       |       |     2 ||     2
       Petrifying        |       |       |       |       |     1 ||     1
Armor: Robe              |    21 |    52 |    19 |       |       ||    92
       Scale mail        |       |       |    65 |     5 |       ||    70
       Troll leather arm |       |       |       |   115 |   260 ||   375
       Skin              |       |       |       |       |    82 ||    82
Dodge: Dodged            |    82 |   128 |   177 |   456 |  1038 ||  1881
Block: Other             |       |    27 |    41 |    85 |   502 ||   655

Table legend: (Time is in decaauts)
 A = Elapsed time spent in this place.
 B = Non-inter-level travel time spent in this place.
 C = Inter-level travel time spent in this place.
 D = Time resting spent in this place.
 E = Time spent auto-exploring this place.
 F = Levels seen in this place.
 G = Mean time per level.
                   A        B        C        D        E       F      G
               +--------+--------+--------+--------+--------+-----+--------+
         Total |  15756 |  14393 |   1363 |      0 |  10486 |  24 |  656.5 |
       Dungeon |   6290 |   5945 |    345 |      0 |   4447 |  10 |  629.0 |
          Lair |   5383 |   4768 |    615 |      0 |   3391 |   5 | 1076.6 |
   Spider Nest |   2350 |   2303 |     47 |      0 |   1447 |   4 |  587.5 |
    Slime Pits |   1732 |   1376 |    356 |      0 |   1201 |   5 |  346.4 |
               +--------+--------+--------+--------+--------+-----+--------+

Top non-repeatable levels by time:
  Lair:5: 1666 daAuts
  Lair:4: 1166 daAuts
Spider:1: 1030 daAuts
     D:4: 899 daAuts
  Lair:3: 898 daAuts
  Lair:1: 897 daAuts
     D:7: 772 daAuts
  Lair:2: 754 daAuts
    D:10: 748 daAuts
     D:9: 741 daAuts
Spider:2: 705 daAuts
     D:2: 603 daAuts
     D:6: 567 daAuts
Spider:3: 562 daAuts
     D:1: 534 daAuts
